 Dungeon Crawl Stone Soup version 0.23-a0-270-gab6feb3 (webtiles) character file.

1049 MisterFreud the Covert (level 8, -4/52 HPs)
             Began as a Vampire Enchanter on Oct 1, 2018.
             Slain by a gnoll
             ... wielding a +0 club
              (7 damage)
             ... on level 7 of the Dungeon.
             The game lasted 00:12:14 (5057 turns).

MisterFreud the Covert (Vampire Enchanter)          Turns: 5057, Time: 00:12:15

Health: -4/52      AC:  0    Str:  7    XL:     8   Next: 5%
Magic:  8/11       EV: 20    Int: 19    God:
Gold:   249        SH:  0    Dex: 20    Spells: 2/11 levels left

rFire    . . .     SeeInvis +   (weapon currently unavailable)
rCold    + . .     Gourm    .   (shield currently unavailable)
rNeg     + + .     Faith    .   (armour currently unavailable)
rPois    +         Spirit   .   (helmet currently unavailable)
rElec    .         Reflect  .   (cloak currently unavailable)
rCorr    .         Harm     .   (gloves currently unavailable)
MR       .....                  (boots currently unavailable)
Stlth    +++++++...             (no amulet)
HPRegen  0.08/turn              (ring currently unavailable)
MPRegen  0.12/turn              (ring currently unavailable)

@: bat-form, flying, regenerating slowly, very quick
A: tiny, fangs 3, see invisible
a: End Transformation


You were on level 7 of the Dungeon.
You were near bloodless.
You were in vampire-bat-form.
You visited 1 branch of the dungeon, and saw 8 of its levels.

You collected 249 gold pieces.

Inventory:

Hand Weapons
 a - a +1 dagger
 f - a +1 short sword of speed (melded)
Missiles
 e - 2 throwing nets (quivered)
 i - 53 stones
 j - 53 arrows
 m - 4 tomahawks
 u - 47 sling bullets
 v - 14 poisoned needles
Armour
 b - a +0 robe (melded)
 n - a +0 pair of gloves (melded)
Jewellery
 k - a ring of magical power (melded)
Wands
 g - a wand of flame (1)
Scrolls
 c - 2 scrolls of remove curse {unknown}
 h - a scroll of fear {unknown}
 l - a scroll of random uselessness {unknown}
 r - 2 scrolls of amnesia {unknown}
 t - a scroll of teleportation {unknown}
 w - a scroll of enchant weapon {unknown}
Potions
 d - 14 potions of blood
 o - 3 potions of curing
 p - a potion of flight {unknown}
 q - 3 potions of brilliance
 s - 3 potions of mutation


   Skills:
 + Level 7.8 Short Blades
 - Level 2.1 Dodging
 + Level 10.4 Stealth
 - Level 2.0 Spellcasting
 - Level 4.4 Hexes


You had 2 spell levels left.
You knew the following spells:

 Your Spells              Type           Power        Failure   Level  Hunger
a - Corona                Hex            ###....      2%          1    #......
b - Ensorcelled Hibernat  Hex/Ice        ##....       11%         2    ###....
c - Confuse               Hex            ###.....     9%          3    ###....
d - Dazzling Spray        Conj/Hex       ##....       21%         3    ###....

Your spell library contained the following spells:

 Spells                   Type           Power        Failure   Level  Hunger
 Tukima's Dance           Hex            ###.....     9%          3    ###....


Dungeon Overview and Level Annotations

Branches:
Dungeon (8/15)
 Temple: D:4-7         Lair: D:8-11

Altars:
Gozag
Hepliaklqana
Makhleb
Qazlal
Vehumet
The Shining One


Innate Abilities, Weirdness & Mutations

You heal slowly.
You have razor-sharp teeth.
You have supernaturally acute eyesight. (SInv)
((You can survive without breathing.))


Message History

The gnoll hits you but does no damage. The gnoll barely misses you.
The gnoll barely misses you.
The gnoll hits you from afar with a halberd!
* * * LOW HITPOINT WARNING * * *
The gnoll is no longer moving quickly.
Found a stone staircase leading down.
The gnoll barely misses you.
You turn into a vampire bat.
Your +1 short sword of speed melds into your body.
Your +0 pair of gloves melds into your body.
Your +0 robe melds into your body.
Your ring of magical power melds into your body.
You feel your magic capacity decrease. The gnoll hits you with a club.
* * * LOW HITPOINT WARNING * * *
The gnoll misses you.
You are no longer glowing.
There is a stone staircase leading down here.
The gnoll hits you with a club!
You die...

#.# # #.# ##
#.# #. #.# #.
#.# #. #.# ##
###.####
#+#########
#.......
.......b..#
#...####
....###g..#
#.....[. .
###.###
##.....#
#.....#
#.....#
#.#g###
#.....# #.#.#
#####.....#
#.#g#
.........#.#
#.#.#
##########.#.#
#.#.#
#.............


You could see 3 gnolls.

Vanquished Creatures
  An orc warrior (D:6)
  An ogre (D:4)
  A centaur (D:5)
  A wight (D:4)
  2 crimson imps
  2 jellies (D:2)
  2 orc priests (D:4)
  A gnoll shaman (D:7)
  2 hounds (D:4)
  Terence (D:3)
  An iguana (D:7)
  4 worker ants
  3 orc wizards
  A worker ant zombie (D:6)
  2 gnolls (D:7)
  8 adders
  10 oozes
  An adder skeleton (D:4)
  A worm (D:2)
  2 dart slugs
  5 leopard geckos
  10 orcs
  8 giant cockroaches
  9 hobgoblins
  4 quokkas
  3 bats
  4 frilled lizards
  13 goblins
  14 kobolds
  A leopard gecko skeleton (D:4)
  3 rats (D:2)
121 creatures vanquished.

Vanquished Creatures (others)
  A fungus (D:2)
  9 toadstools (D:2)
10 creatures vanquished.

Grand Total: 131 creatures vanquished

Notes
Turn   | Place    | Note
-------+----------+-------------------------------------------
     0 | D:1      | MisterFreud the Vampire Enchanter began the quest for the
                  | Orb.
     0 | D:1      | Reached XP level 1. HP: 13/13 MP: 3/3
   802 | D:1      | Reached XP level 2. HP: 19/19 MP: 5/5
   807 | D:1      | Learned a level 2 spell: Ensorcelled Hibernation
   916 | D:1      | Reached skill level 5 in Stealth
  1329 | D:2      | Reached XP level 3. HP: 24/24 MP: 6/6
  1800 | D:2      | Reached skill level 6 in Stealth
  2075 | D:2      | Reached XP level 4. HP: 30/30 MP: 7/7
  2339 | D:2      | Reached skill level 7 in Stealth
  2339 | D:2      | Reached XP level 5. HP: 20/35 MP: 3/8
  3089 | D:3      | Learned a level 3 spell: Confuse
  3154 | D:3      | Noticed Terence
  3157 | D:3      | Killed Terence
  3421 | D:4      | Reached skill level 8 in Stealth
  3421 | D:4      | Reached XP level 6. HP: 41/41 MP: 9/9
  3463 | D:4      | Learned a level 3 spell: Dazzling Spray
  3490 | D:4      | Reached skill level 5 in Short Blades
  3988 | D:4      | Found a stormy altar of Qazlal.
  4042 | D:4      | Reached XP level 7. HP: 33/46 MP: 10/10
  4408 | D:4      | Found an opulent altar of Gozag.
  4500 | D:4      | Reached skill level 9 in Stealth
  4514 | D:4      | Found a hazy altar of Hepliaklqana.
  4539 | D:4      | Found a burning altar of Makhleb.
  4540 | D:4      | Found a radiant altar of Vehumet.
  4584 | D:4      | Found a glowing golden altar of the Shining One.
  4699 | D:5      | Entered Level 5 of the Dungeon
  4811 | D:5      | You fall through a shaft for 3 floors!
  4877 | D:6      | Reached skill level 10 in Stealth
  4909 | D:7      | Reached XP level 8. HP: 52/52 MP: 11/11
  5057 | D:7      | Slain by a gnoll

Vault maps used:
D:1:      tarquinn_simple_flora_water_d
D:2:      cheibrodos_fertilizer, uniq_crazy_yiuf_cottage
D:3:      uniq_terence
D:4:      grunt_temple_overflow_lords_of_destruction, old_standard_altar,
          kennysheep_mini_moat, nicolae_gozag_cash_rules_everything_around_me,
          marbit_many_paths, first_ration, hangedman_decor_clover_reticule
D:5:      lemuel_doored_altar, kennysheep_mini
D:6:      nemelex_xobeh_ov_fountains_minmay, temple_green, st_stairs_14,
          kennysheep_potato, uniq_edmund, uniq_grinder
D:7:      lemuel_zombie_altar_yredelemnul, led_sif_pool,
          grunt_decor_mini_mirrors, minmay_door_square,
          minmay_misc_feat_diagonals, kennysheep_generic_room_2, uniq_pikel
D:8:      blue_anna_alchemist, jiyva_altar_1

Skill      XL: |  1  2  3  4  5  6  7 |
---------------+----------------------+-----
Stealth        | 5 6 7 8 10 | 10.4
Short Blades   | 2 3 4 6 7 |  7.8
Dodging        | |  2.1
Spellcasting   | |  2.0
Hexes          | |  4.4

Action                   |  1- 3 |  4- 6 |  7- 9 || total
-------------------------+-------+-------+-------++-------
Melee: Dagger            |    31 |       |       ||    31
       Bite              |     9 |    16 |     6 ||    31
       Short sword       |    98 |   209 |    66 ||   373
Throw: Throwing net      |     1 |       |       ||     1
 Cast: Corona            |     7 |       |       ||     7
       Ensorcelled Hiber |    10 |    42 |    15 ||    67
       Confuse           |       |     2 |    10 ||    12
 Abil: Bat Form          |       |       |     1 ||     1
  Use: Potion            |     2 |     4 |     2 ||     8
       Scroll            |       |       |     3 ||     3
 Stab: Sleeping          |    18 |    35 |    15 ||    68
       Distracted        |       |     1 |       ||     1
       Confused          |       |     2 |     5 ||     7
Armor: Robe              |     9 |    21 |     4 ||    34
Dodge: Dodged            |    49 |    92 |    32 ||   173

Table legend:
 A = Non-vault XP
 B = Vault XP
 C = Vault XP percentage of total XP
 D = Non-vault monster count
 E = Vault monster count
 F = Vault count percentage of total count
                 A         B        C        D         E       F
            +---------+---------+-------+---------+---------+-------
      Total |    1209 |     290 |  19.3 |     101 |      20 |  16.5
            +---------+---------+-------+---------+---------+-------
        D:1 |      19 |       0 |   0.0 |      10 |       0 |   0.0
        D:2 |      81 |     145 |  64.2 |      28 |      17 |  37.8
        D:3 |      85 |      38 |  30.9 |      26 |       1 |   3.7
        D:4 |     528 |     107 |  16.9 |      24 |       2 |   7.7
        D:5 |     196 |       0 |   0.0 |       4 |       0 |   0.0
        D:6 |     180 |       0 |   0.0 |       3 |       0 |   0.0
        D:7 |     120 |       0 |   0.0 |       6 |       0 |   0.0
            +---------+---------+-------+---------+---------+-------
